 Dungeon Crawl Stone Soup version 0.31-a0-133-gaae73658be (webtiles) character file.

Game seed: 10823513874282108015

1354 Ijustatesigmund the Magician (level 8, -9/52 HPs)
             Began as an Octopode Conjurer on June 2, 2023.
             Mangled by an orc warrior
             ... wielding a +0 mace
              (15 damage)
             ... on level 6 of the Dungeon.
             The game lasted 00:11:06 (6838 turns).

Ijustatesigmund the Magician (Octopode Conjurer)    Turns: 6838, Time: 00:11:06

Health: -9/52      AC:  1    Str:  6    XL:     8   Next: 63%
Magic:  10/16      EV: 12    Int: 23    God:
Gold:   271        SH:  4    Dex: 10    Spells: 11/18 levels left

rFire   . . .        b - +0 flail (protect)
rCold   + . .        k - +0 buckler
rNeg    . . .        (helmet restricted)
rPois   .            u - amulet of magic regeneration
rElec   .            h - ring of protection from cold
rCorr   .            (no ring)
SInv    .            (no ring)
Will    .....        (no ring)
Stlth   +++          (no ring)
HPRegen 0.28/turn    (no ring)
MPRegen 0.55/turn    (no ring)
                     (no ring)

%: no passive effects
@: mighty, very slightly contaminated
A: almost no armour, amphibious, 8 rings, camouflage 1, gelatinous body 1,
(nimble swimmer 1), tentacles
a: no special abilities


You were on level 6 of the Dungeon.
You visited 2 branches of the dungeon, and saw 7 of its levels.

You collected 271 gold pieces.

Inventory:

Hand Weapons
 b - a +0 flail of protection (weapon)
 d - a +1 flail of holy wrath
 s - a +0 morningstar
Missiles
 p - a throwing net
Armour
 k - a +0 buckler (worn)
Jewellery
 h - a ring of protection from cold (left tentacle)
 u - an amulet of magic regeneration (around mantle)
Wands
 f - a wand of mindburst (8)
 q - a wand of iceblast (4)
 r - a wand of paralysis (5)
Scrolls
 l - a scroll of magic mapping
 t - a scroll of immolation
Potions
 a - a potion of magic
 c - 3 potions of berserk rage
 e - 2 potions of enlightenment
 g - a potion of mutation
 i - a potion of brilliance {unknown}
 j - 2 potions of cancellation {unknown}
 m - a potion of might
 n - 2 potions of lignification {unknown}
 o - 2 potions of ambrosia {unknown}


   Skills:
 + Level 3.1 Fighting
 - Level 2.0 Dodging
 - Level 2.6 Stealth
 - Level 4.2 Shields
 + Level 5.8 Spellcasting
 - Level 5.0 Conjurations
 + Level 5.0 Translocations


You had 11 spell levels left.
You knew the following spells:

 Your Spells              Type           Power      Damage    Failure   Level
a - Magic Dart            Conj           100%       1d8       1%          1
b - Searing Ray           Conj           58%        2d6       2%          2
c - Iskenderun's Mystic   Conj/Tloc      29%        2d7       17%         4

Your spell library contained the following spells:

 Spells                   Type           Power      Damage    Failure   Level
 Apportation              Tloc           58%        N/A       1%          1
 Necrotise                Necr           24%        1d5       14%         1
 Summon Small Mammal      Summ           24%        N/A       14%         1
 Dazzling Flash           Conj/Hex       36%        N/A       16%         3
 Fulminant Prism          Conj/Hex       9%         3d7       45%         4


Dungeon Overview and Level Annotations

Branches:
Dungeon (6/15)             Temple (1/1) D:4

Altars:
Elyvilon
Fedhas
Gozag
Hepliaklqana
Kikubaaqudgha
Okawaru
Qazlal
Trog
Vehumet
Wu Jian
Xom
Yredelemnul
Zin
The Shining One


Innate Abilities, Weirdness & Mutations

You cannot wear most types of armour.
You are amphibious.
You can wear up to eight rings at the same time.
Your skin changes colour to match your surroundings (Stealth+).
Your rubbery body absorbs attacks. (AC +1, EV +1)
((You are camouflaged when in or above water. (Stealth+)))
You have tentacles for arms and can constrict up to eight enemies at once.


Message History

The searing ray hits the orc priest.
The orc priest is moderately wounded. (Press . to maintain the ray.)
You constrict the orc priest.
The orc priest mumbles some strange prayers to Beogh against you.
You struggle to resist.
The orc warrior moves out of view.
The searing ray hits the orc priest!
The orc priest is almost dead.
The searing ray hits the orc.
The orc is heavily wounded.
You constrict the orc priest, but do no damage.
You block the orc priest's attack.
The searing ray hits the orc priest.
You kill the orc priest!
The searing ray hits the orc!
You kill the orc!
Your Translocations skill increases to level 5!
The searing ray hits the orc wizard.
The orc wizard is lightly wounded.
You finish channelling your searing ray.
The bullfrog misses you.
Casting: Searing Ray (safe; 2% risk of failure)
Confirm with . or Enter, or press ? or * to list all spells.
The spell is quite dangerous to miscast (17% risk of failure)!
Continue anyway? [Y]es or [N]o only, please.
The spell is quite dangerous to miscast (17% risk of failure)!
Continue anyway?
You miscast Iskenderun's Mystic Blast.
You are very lightly contaminated with residual magic.
Nothing appears to happen.
The bullfrog hits you.
The orc wizard points at you and mumbles some strange words.
The puff of flame hits you!
* * * LOW HITPOINT WARNING * * *
The orc warrior hits you with a +0 mace!
* * * LOW HITPOINT WARNING * * *
Okay, then.
It was a potion of might.
You feel very mighty all of a sudden. The bullfrog closely misses you.
The orc wizard closely misses you.
The orc warrior hits you with a +0 mace!
You die...

........# ...!...# .# #......#
... #......# .... #(.....#
......#......# ##...#o.....######
#...oo@....†......
#..≈≈F≈≈≈≈.#...... ...≈≈≈≈≈≈...#
..... ...≈≈_....8.# ....
...≈≈≈≈≈≈...# ...
##+###..≈≈≈≈≈≈≈.########
######...)...........##.....# ..
#<...#.....###+.#....##.....#....
#....#..........#...........#....


You could see an orc warrior, a bullfrog, an orc wizard and an orc.

Vanquished Creatures
  A wyvern (D:5)
  2 water moccasins
  An ice beast (D:5)
  An orc warrior (D:6)
  2 phantoms
  A bullfrog (D:6)
  A scorpion (D:5)
  2 orc priests
  3 jellies (D:5)
  5 orc wizards
  Robin (D:3)
  7 gnolls
  4 adders
  A white imp (D:6)
  A worm (D:5)
  3 dart slugs
  30 orcs
  3 bats
  5 endoplasms
  4 giant cockroaches
  12 goblins
  6 hobgoblins
  6 quokkas
  7 ball pythons
  2 frilled lizards
  6 kobolds
  5 rats
122 creatures vanquished.

Notes
Turn   | Place    | Note
-------+----------+-------------------------------------------
     0 | D:1      | Ijustatesigmund the Octopode Conjurer began the quest for
                  | the Orb.
     0 | D:1      | Reached XP level 1. HP: 11/11 MP: 3/3
   192 | D:1      | Reached XP level 2. HP: 17/17 MP: 1/5
   195 | D:1      | Learned a level 2 spell: Searing Ray
   971 | D:2      | Reached XP level 3. HP: 21/21 MP: 4/6
  1923 | D:2      | Reached XP level 4. HP: 17/27 MP: 3/8
  2076 | D:2      | Reached skill level 1 in Shields
  2590 | D:3      | Reached skill level 5 in Conjurations
  2594 | D:3      | Reached XP level 5. HP: 31/31 MP: 2/10
  2671 | D:3      | Learned a level 4 spell: Iskenderun's Mystic Blast
  2674 | D:3      | Found a radiant altar of Vehumet.
  2678 | D:3      | Noticed Robin
  2709 | D:3      | Killed Robin
  3145 | D:4      | Found a staircase to the Ecumenical Temple.
  3152 | D:4      | Reached skill level 1 in Translocations
  3543 | D:4      | Reached XP level 6. HP: 36/36 MP: 5/11
  4467 | Temple   | Entered the Ecumenical Temple
  4671 | D:5      | Entered Level 5 of the Dungeon
  4699 | D:5      | Reached XP level 7. HP: 8/41 MP: 3/13
  4858 | D:5      | Found an opulent altar of Gozag.
  5772 | D:5      | Reached skill level 5 in Spellcasting
  5855 | D:6      | Reached skill level 1 in Fighting
  5855 | D:6      | Reached XP level 8. HP: 27/48 MP: 8/15
  5855 | D:6      | Noticed a wyvern
  6064 | D:5      | Killed a wyvern
  6810 | D:6      | Found a stormy altar of Qazlal.
  6836 | D:6      | Reached skill level 5 in Translocations
  6838 | D:6      | Mangled by an orc warrior

Illustrated notes

Levels and vault maps discovered:
D:1:      wander_arrival_desolate, layout_loops_ring, minivault_5
D:2:      layout_loops_corners
D:3:      layout_rooms, nicolae_vehumet_radiance, minmay_misc_feat_columns,
          grunt_decor_clamped, grunt_decor_cap, uniq_robin
D:4:      cheibrodos_helix_gallery, layout_gridville, minmay_temple_entry_mist
D:5:      layout_basic, nicolae_overflow_crystal_walls
D:6:      layout_gridville, mainiacjoe_overflow_divided_tiny,
          mainiacjoe_overflow_catwalk, nicolae_underground_beach
Temple:   bh_familiar_temple

Skill      XL: |  1  2  3  4  5  6  7  8 |
---------------+-------------------------+-----
Spellcasting   | 3 4 5 |  5.8
Shields        | 1 2 3 4 |  4.2
Conjurations   | 5 |  5.0
Translocations | 1 2 4 5 |  5.0
Fighting       | 1 3 |  3.1
Dodging        | |  2.0
Stealth        | |  2.6

Action                     |  1- 3 |  4- 6 |  7- 9 || total
---------------------------+-------+-------+-------++-------
  Melee: Short sword       |     6 |    12 |       ||    18
         Constrict         |       |    10 |    10 ||    20
         Tentacles         |       |    11 |    16 ||    27
         Flail             |       |    24 |    57 ||    81
         Punch             |       |       |     1 ||     1
   Cast: Magic Dart        |    61 |    76 |    33 ||   170
         Searing Ray       |     1 |     8 |     7 ||    16
         Iskenderun's Myst |       |       |    10 ||    10
  Evoke: Wand              |       |       |     5 ||     5
    Use: Scroll            |     4 |     8 |     2 ||    14
         Potion            |       |     1 |     3 ||     4
   Stab: Sleeping          |       |     2 |     1 ||     3
 Armour: Skin              |       |     1 |    13 ||    14
  Dodge: Dodged            |     6 |    37 |    54 ||    97
  Block: Buckler           |       |       |     5 ||     5

Table legend: (Time is in decaauts)
 A = Elapsed time spent in this place.
 B = Non-inter-level travel time spent in this place.
 C = Inter-level travel time spent in this place.
 D = Time resting spent in this place.
 E = Time spent auto-exploring this place.
 F = Levels seen in this place.
 G = Mean time per level.
                   A        B        C        D        E       F      G
               +--------+--------+--------+--------+--------+-----+--------+
         Total |   6870 |   6728 |    142 |   1579 |   4370 |   7 |  981.4 |
       Dungeon |   6683 |   6567 |    116 |   1579 |   4211 |   6 | 1113.8 |
        Temple |    186 |    161 |     25 |      0 |    159 |   1 |  186.0 |
               +--------+--------+--------+--------+--------+-----+--------+

Top non-repeatable levels by time:
     D:5: 1589 daAuts
     D:4: 1345 daAuts
     D:2: 1290 daAuts
     D:1: 968 daAuts
     D:3: 884 daAuts
     D:6: 606 daAuts
  Temple: 186 daAuts
